 Dungeon Crawl Stone Soup version 0.30.1-4-g462c640d31 (webtiles) character file.

Game seed: 17056684416068598794

75 Wiggles the Chopper (level 4, 0/41 HPs)
             Began as a Minotaur Berserker on Sept 14, 2023.
             Was a Follower of Trog.
             Slain by Jessica
             ... wielding a +0 club
              (1 damage)
             ... on level 2 of the Dungeon.
             The game lasted 00:02:25 (1395 turns).

Wiggles the Chopper (Minotaur Berserker)            Turns: 1395, Time: 00:02:26

Health: 0/41       AC:  5    Str: 23    XL:     4   Next: 11%
Magic:  3/3        EV: 12    Int:  4    God:    Trog [*.....]
Gold:   21         SH:  0    Dex: 10    Spells: 3/3 levels left

rFire   . . .        a - +0 hand axe
rCold   . . .        (no shield)
rNeg    . . .        b - +0 animal skin
rPois   +            (helmet restricted)
rElec   .            k - +2 cloak {Will+}
rCorr   .            (no gloves)
SInv    .            (no boots)
Will    +....        (no amulet)
Stlth   +            g - ring of poison resistance
HPRegen 0.26/turn    (no ring)
MPRegen 0.08/turn

%: no passive effects
@: on berserk cooldown, slowed, very slow
A: horns 2, retaliatory headbutt
a: Renounce Religion, Berserk


You were on level 2 of the Dungeon.
You worshipped Trog.
Trog was aware of your devotion.
You visited 1 branch of the dungeon, and saw 2 of its levels.

You collected 76 gold pieces.
You spent 55 gold pieces at shops.

Inventory:

Hand Weapons
 a - a +0 hand axe (weapon)
Armour
 b - a +0 animal skin (worn)
 k - a +2 cloak of willpower (worn)
Jewellery
 g - a ring of poison resistance (left hand)
Scrolls
 c - 2 scrolls of identify {unknown}
 e - 2 scrolls of teleportation {unknown}
 f - a scroll of immolation {unknown}
 h - 2 scrolls of poison {unknown}
 j - a scroll of butterflies {unknown}
Potions
 d - 2 potions of curing {unknown}
 i - a potion of degeneration {unknown}
 l - a potion of heal wounds


   Skills:
 + Level 4.4 Fighting
 + Level 5.1 Axes
 + Level 2.5 Armour
 + Level 2.5 Dodging
 + Level 0.2 Stealth


You had 3 spell levels left.
You didn't know any spells.
Your spell library was empty.

Dungeon Overview and Level Annotations

Branches:
Dungeon (2/15)

Altars:

Shops:
D:2 !

Annotations:
D:2 Jessica


Innate Abilities, Weirdness & Mutations

You have a pair of horns on your head.
You reflexively headbutt those who attack you in melee.


Message History

You closely miss Jessica. Your headbutt misses Jessica.
You bump into the rock wall.
Jessica barely misses you.
You closely miss Jessica.
You feel less confused. Jessica hits you with a +0 club!
You slash Jessica!
Jessica is almost dead.
You closely miss Jessica.
Jessica is almost dead.
Jessica hits you with a +0 club.
You closely miss Jessica.
Jessica is almost dead.
Jessica casts a spell.
Jessica blinks!
You feel a strong urge to attack something.
You are no longer berserk.
You are exhausted.
You feel yourself slow down. Jessica casts a spell at you.
You resist with some effort.
Jessica zaps a wand.
The bolt of light hits you!
* * * LOW HITPOINT WARNING * * *
Jessica attacks as you move away! Jessica hits you with a +0 club.
* * * LOW HITPOINT WARNING * * *
Jessica casts a spell at you. You resist with some effort.
Jessica casts a spell.
Jessica seems to speed up.
Jessica casts a spell at you. You resist with some effort.
Jessica closely misses you. Jessica gestures at you while chanting.
You resist with almost no effort.
You hit Jessica but do no damage.
Jessica is almost dead.
Jessica gestures at you while chanting. Pain shoots through your body!
* * * LOW HITPOINT WARNING * * *
Jessica hits you with a +0 club.
You die...

##.#### #.# #.# #.# ##...# #.#
#.# #.# ##..# #.# #.# #.# ##^#.#
###.###.# #.#
##.##.######.....#.# #.#####
#.........##.###.#.########.....#
......>......# #....♣#...........
#.###.###.##.###@#♣.∩.♣########.#
#.# #.# #.##....@###♣..# #.# #.#
#.# #.####...<.###.# #.#
#.###.###..............# #.#
.....>......######.##### #.#
###########.# #.# #.# #.# #.# #.#
##.######.# #########.#
#.........# #.........#
#.#######.# #.#########


You could see Jessica (fast).

Vanquished Creatures
  Crazy Yiuf (D:2)
  2 worms (D:2)
  2 dart slugs (D:1)
  2 ball pythons (D:1)
  A bat (D:2)
  4 endoplasms
  4 giant cockroaches
  4 goblins
  4 hobgoblins
  2 jackals (D:2)
  2 kobolds (D:1)
  3 rats (D:1)
31 creatures vanquished.

Notes
Turn   | Place    | Note
-------+----------+-------------------------------------------
     0 | D:1      | Wiggles the Minotaur Berserker began the quest for the Orb.
     0 | D:1      | Reached XP level 1. HP: 19/19 MP: 0/0
   197 | D:1      | Reached skill level 4 in Axes
   197 | D:1      | Reached XP level 2. HP: 27/27 MP: 1/1
   892 | D:1      | Found a faded altar of an unknown god.
   951 | D:2      | Reached XP level 3. HP: 33/33 MP: 2/2
  1142 | D:2      | Found a runed translucent door.
  1143 | D:2      | Noticed Crazy Yiuf
  1150 | D:2      | Killed Crazy Yiuf
  1151 | D:2      | Reached skill level 5 in Axes
  1151 | D:2      | Reached XP level 4. HP: 41/41 MP: 3/3
  1321 | D:2      | Found Ineinag's Distillery.
  1329 | D:2      | Bought a potion of heal wounds for 55 gold pieces
  1351 | D:2      | Noticed Jessica
  1395 | D:2      | HP: 1/41 [Jessica/nerve-wracking pain (4)]
  1395 | D:2      | Slain by Jessica

Illustrated notes

Levels and vault maps discovered:
D:1:      minmay_arrival_checkered_box, layout_loops_corners,
          ebering_ecumenical_altar_abandoned, amethyst_killhole
D:2:      layout_loops_ring, serial_shops, nicolae_shop_trees,
          lightli_corner_chamber, uniq_jessica, uniq_crazy_yiuf_cottage

Skill      XL: |  1  2  3 |
---------------+----------+-----
Axes           | 4 5 |  5.1
Fighting       | 4 |  4.4
Armour         | |  2.5
Dodging        | |  2.5
Stealth        | |  0.2

Action                     |  1- 3 |  4- 6 || total
---------------------------+-------+-------++-------
  Melee: Hand axe          |    63 |     7 ||    70
         Headbutt          |    11 |       ||    11
 Invoke: Berserk           |     1 |     1 ||     2
 Armour: Animal skin       |     9 |       ||     9
  Dodge: Dodged            |    36 |     3 ||    39
